 Dungeon Crawl Stone Soup version 0.30-a0-475-g03497ec522 (webtiles) character file.

Game seed: 2113585569426127856

214 PyroL the Grave Robber (level 5, 0/33 (35) HPs)
             Began as a Demonspawn Necromancer on Dec 21, 2022.
             Slain by Crazy Yiuf
             ... wielding a +2 quarterstaff of chaos
              (9 damage)
             ... on level 4 of the Dungeon.
             The game lasted 00:07:25 (3600 turns).

PyroL the Grave Robber (Demonspawn Necromancer)     Turns: 3600, Time: 00:07:26

HP:   0/33 (35)     AC:  2    Str:  8    XL:     5   Next: 59%
MP:   6/11          EV: 14    Int: 19    God:
Gold: 137           SH:  0    Dex: 13    Spells: 4/12 levels left

rFire   . . .      SeeInvis .    j - +0 whip (venom)
rCold   . . .      Faith    .    (no shield)
rNeg    . . .      Spirit   .    a - +0 robe
rPois   .          Reflect  .    (no helmet)
rElec   .          Harm     .    (no cloak)
rCorr   .          Rampage  .    (no gloves)
Will    .....                    (no boots)
Stlth   ++........               (no amulet)
HPRegen 0.25/turn                (no ring)
MPRegen 0.12/turn                (no ring)

@: lethally poisoned (0 -> -3), drained
A: repulsion field 1
a: no special abilities


You were on level 4 of the Dungeon.
You visited 1 branch of the dungeon, and saw 4 of its levels.

You collected 137 gold pieces.

Inventory:

Hand Weapons
 j - a +0 whip of venom (weapon)
Missiles
 m - 10 poisoned darts
Armour
 a - a +0 robe (worn)
Jewellery
 e - an amulet of faith
 o - an amulet of magic regeneration
Scrolls
 f - 3 scrolls of vulnerability {unknown}
 g - 2 scrolls of torment
 h - a scroll of poison {unknown}
 i - a scroll of silence
 l - a scroll of immolation {unknown}
 p - a scroll of brand weapon {unknown}
Potions
 b - a potion of magic
 c - a potion of degeneration {unknown}
 d - a potion of berserk rage {unknown}
 k - 2 potions of might
 n - a potion of brilliance {unknown}
 q - a potion of attraction
 r - a potion of haste {unknown}
 s - a potion of flight {unknown}


   Skills:
 - Level 1.7 Dodging
 - Level 1.7 Stealth
 + Level 4.1 Spellcasting
 + Level 6.2 Necromancy


You had 4 spell levels left.
You knew the following spells:

 Your Spells              Type           Power      Damage    Failure   Level
a - Necrotise             Necr           100%       1d9       1%          1
b - Vampiric Draining     Necr           27%        2d7       3%          3
c - Animate Dead          Necr           27%        N/A       11%         4

Your spell library contained the following spells:

 Spells                   Type           Power      Damage    Failure   Level
 Ensorcelled Hibernation  Hex/Ice        6%         N/A       21%         2
 Passwall                 Tmut/Erth      2%         N/A       21%         2
 Swiftness                Air            3%         N/A       38%         3
 Agony                    Necr           27%        N/A       28%         5


Dungeon Overview and Level Annotations

Branches:
Dungeon (4/15)
 Temple: D:4-7

Altars:
Dithmenos
Hepliaklqana
Nemelex Xobeh
Xom
Yredelemnul

Shops:
D:3 :[!

Annotations:
D:4 Crazy Yiuf


Innate Abilities, Weirdness & Mutations

You are surrounded by a mild repulsion field. (EV +2)


Message History

You open the door. You barely miss Crazy Yiuf. Crazy Yiuf misses you.
You barely miss Crazy Yiuf.
Crazy Yiuf hits you with a +2 quarterstaff of chaos!
You feel drained.
You closely miss Crazy Yiuf.
Crazy Yiuf hits you with a +2 quarterstaff of chaos!
* * * LOW HITPOINT WARNING * * *
You are poisoned.
You swap places.
* * * LOW HITPOINT WARNING * * *
You feel very sick.
Crazy Yiuf hits Blork with a +2 quarterstaff of chaos.
Blork hits Crazy Yiuf.
You feel sick.
Crazy Yiuf hits Blork with a +2 quarterstaff of chaos!
Blork convulses!
Blork is destroyed!
Okay, then.
Casting: Necrotise (safe; 1% risk of failure)
Confirm with . or Enter, or press ? or * to list all spells.
Aiming: Necrotise (safe; 1% risk of failure)
Press: ? - help, Shift-Dir - straight line, f - Crazy Yiuf
Aim: Crazy Yiuf, wielding a +2 quarterstaff of chaos and wearing a +0 cloak (lightly wounded, chance to affect: 88%) Crazy Yiuf writhes in agony.
You feel sick.
Casting: Necrotise (safe; 1% risk of failure)
Confirm with . or Enter, or press ? or * to list all spells.
Aiming: Necrotise (safe; 1% risk of failure)
Press: ? - help, Shift-Dir - straight line, f/p - Crazy Yiuf
Aim: Crazy Yiuf, wielding a +2 quarterstaff of chaos and wearing a +0 cloak (moderately wounded, chance to affect: 88%) Crazy Yiuf writhes in agony.
You feel sick.
Casting: Necrotise (safe; 1% risk of failure)
Confirm with . or Enter, or press ? or * to list all spells.
Aiming: Vampiric Draining (dangerous; 3% risk of failure)
Press: ? - help, Shift-Dir - straight line, f/p - Crazy Yiuf
Aim: Crazy Yiuf, wielding a +2 quarterstaff of chaos and wearing a +0 cloak (heavily wounded)
You draw life force from Crazy Yiuf!
You feel life coursing into your body.
You feel sick.
Crazy Yiuf hits you with a +2 quarterstaff of chaos!
You die...

#Z# #.#...## #.#
#.#....#
#######Z#######..##
..Z.Z.....# #..).#
#.......### #..).#
....####### ##...#
..#.......# ##.##
#...####### ##.#
##.## #### #@##
#)#####..# ##g#
#........# #.##
#.###.##.# #'# #.#
#.##.# ... #.#
#(#### #...# #.#
##. #)..# ..# #
##### ..#


You could see Crazy Yiuf.

Vanquished Creatures
  Blork the orc (D:4)
  A hound (D:4)
  Terence (D:1)
  2 adders
  A worm (D:4)
  3 orcs (D:3)
  8 bats
  3 endoplasms
  2 giant cockroaches
  6 goblins
  4 hobgoblins
  10 kobolds
  A quokka (D:3)
  7 ball pythons
  2 frilled lizards (D:1)
  9 rats
  2 spectral orcs
63 creatures vanquished.

Vanquished Creatures (collateral kills)
  A worm (D:2)
  A kobold (D:1)
  A rat (D:1)
3 creatures vanquished.

Vanquished Creatures (others)
  An orc zombie (D:4)
  2 plants (D:4)
3 creatures vanquished.

Grand Total: 69 creatures vanquished

Notes
Turn   | Place    | Note
-------+----------+-------------------------------------------
     0 | D:1      | PyroL the Demonspawn Necromancer began the quest for the
                  | Orb.
     0 | D:1      | Reached XP level 1. HP: 13/13 MP: 3/3
   197 | D:1      | Gained mutation: You are surrounded by a mild repulsion
                  | field. (EV +2) [demonic ancestry]
   197 | D:1      | Reached XP level 2. HP: 19/19 MP: 1/5
   955 | D:2      | Noticed Terence
   970 | D:1      | Killed Terence
   971 | D:1      | Reached skill level 5 in Necromancy
   971 | D:1      | Reached XP level 3. HP: 10/24 MP: 0/7
  1578 | D:2      | Found a shimmering altar of Xom.
  1743 | D:3      | Learned a level 3 spell: Vampiric Draining
  1758 | D:3      | Found Ihenue's Book Emporium.
  1808 | D:3      | Reached XP level 4. HP: 30/30 MP: 3/8
  1810 | D:3      | Found Pueqow's Distillery.
  1876 | D:3      | Found Fewuvod's Antique Armour Shoppe.
  1951 | D:3      | Found a hazy altar of Hepliaklqana.
  2118 | D:3      | Found a shadowy altar of Dithmenos.
  2850 | D:4      | Found a sparkling altar of Nemelex Xobeh.
  2879 | D:4      | Reached XP level 5. HP: 35/35 MP: 8/10
  2904 | D:4      | Noticed Blork the orc
  3139 | D:3      | Learned a level 4 spell: Animate Dead
  3366 | D:4      | Identified the +7 hammer of Ashenzari, Bedazzling {pain,
                  | rElec rF+ rC+ rCorr}
  3382 | D:4      | Killed Blork the orc
  3383 | D:4      | Reached skill level 6 in Necromancy
  3389 | D:4      | Found a basalt altar of Yredelemnul.
  3487 | D:4      | Found a runed translucent door.
  3488 | D:4      | Noticed Crazy Yiuf
  3597 | D:4      | Your ally Blork died
  3600 | D:4      | Slain by Crazy Yiuf

Illustrated notes

Levels and vault maps discovered:
D:1:      elethiomel_arrival_maze, layout_basic
D:2:      layout_rooms, basic_altar, uniq_terence
D:3:      layout_rooms, nicolae_hepliaklqana_monster_ancestors,
          gammafunk_temple_overflow_wave, serial_shops,
          nicolae_shop_advertising_works [nicolae_subvault_shop_adworks], shop,
          nicolae_shop_statue_plus, mrwooster_statue_mirror
D:4:      cheibrodos_thug_alley, layout_loops_ring,
          yredelemnul_forgotten_temple_becter, mainiacjoe_overflow_boulevard,
          mainiacjoe_overflow_brackets, uniq_blork_the_orc,
          uniq_crazy_yiuf_cottage

Skill      XL: |  1  2  3  4  5 |
---------------+----------------+-----
Necromancy     | 5 6 |  6.2
Spellcasting   | 3 4 |  4.1
Dodging        | |  1.7
Stealth        | |  1.7

Action                   |  1- 3 |  4- 6 || total
-------------------------+-------+-------++-------
Melee: Unarmed           |     4 |       ||     4
       Dagger            |    16 |       ||    16
       Whip              |     2 |    42 ||    44
 Cast: Necrotise         |    54 |    38 ||    92
       Vampiric Draining |       |     5 ||     5
       Animate Dead      |       |     1 ||     1
  Use: Scroll            |       |     4 ||     4
 Stab: Sleeping          |     1 |       ||     1
       Distracted        |       |     1 ||     1
Armor: Robe              |     9 |     3 ||    12
Dodge: Dodged            |    26 |    30 ||    56

Table legend: (Time is in decaauts)
 A = Elapsed time spent in this place.
 B = Non-inter-level travel time spent in this place.
 C = Inter-level travel time spent in this place.
 D = Time resting spent in this place.
 E = Time spent auto-exploring this place.
 F = Levels seen in this place.
 G = Mean time per level.
                   A        B        C        D        E       F      G
               +--------+--------+--------+--------+--------+-----+--------+
         Total |   3604 |   3445 |    159 |    523 |   2406 |   4 |  901.0 |
       Dungeon |   3604 |   3445 |    159 |    523 |   2406 |   4 |  901.0 |
               +--------+--------+--------+--------+--------+-----+--------+

Top non-repeatable levels by time:
     D:1: 1202 daAuts
     D:3: 1043 daAuts
     D:4: 840 daAuts
     D:2: 519 daAuts
